 Dungeon Crawl Stone Soup version 0.31-a0-188-g5e087ee2ca (webtiles) character file.

Game seed: 8913604411251945841

33353 jlumianski the Tainter (level 14, -6/101 HPs)
             Began as a Djinni Fire Elementalist on June 23, 2023.
             Was an Elder of Makhleb.
             Mangled by a meliai
             ... wielding a +0 hand axe
              (7 damage)
             ... on level 4 of the Lair of Beasts on June 24, 2023.
             The game lasted 04:05:14 (17915 turns).

jlumianski the Tainter (Djinni Fire Elementalist)  Turns: 17915, Time: 04:05:14

Health: -6/101     AC: 14    Str:  7    XL:     14   Next: 7%
Gold:   541        EV: 16    Int: 22    God:    Makhleb [****..] SH:  0 Dex: 14

rFire   + + +        n - +0 rapier
rCold   x . .        (no shield)
rNeg    . . .        C - +1 robe of Vines {NoPotionHeal Regen++++}
rPois   ∞            p - +1 helmet
rElec   +            c - +2 cloak
rCorr   +            o - +2 pair of gloves
SInv    +            (boots unavailable)
Will    +....        (no amulet)
Stlth   ++++         g - ring of Xemiudau {rElec rPois rF+ rCorr SInv}
HPRegen 3.56/turn    G - ring of wizardry
MPRegen 0.00/turn

%: wizardry (x1), infuse magic (-7 HP)
@: flying, studying Poison Magic
A: sickness immunity, fire resistance 2, cold vulnerability 1, float, innate
caster, HP casting, extra vitality 1, iridescent scales 1
a: Renounce Religion, Minor Destruction, Lesser Servant of Makhleb, Major
Destruction


You were on level 4 of the Lair of Beasts.
You worshipped Makhleb.
Makhleb was greatly pleased with you.
You visited 3 branches of the dungeon, and saw 17 of its levels.

You collected 893 gold pieces.
You spent 352 gold pieces at shops.

Inventory:

Hand Weapons
 n - a +0 rapier (weapon)
 D - a +2 dagger of venom
 E - the +3 flail of Otriputz {drain, rPois rN+ Will+}
   (You found it on level 7 of the Dungeon)

   rPois:     It protects you from poison.
   rN:        It protects you from negative energy.
   Will:      It increases your willpower.
Missiles
 d - 37 poisoned darts (quivered)
 e - 6 curare-tipped darts
 t - 7 javelins
 A - 3 throwing nets
Armour
 c - a +2 cloak (worn)
 o - a +2 pair of gloves (worn)
 p - a +1 helmet (worn)
 x - a +0 leather armour
 z - a +3 ring mail
 C - the +1 robe of Vines (worn) {NoPotionHeal Regen++++}
   (You found it on level 3 of the Lair of Beasts)

   NoPotionHeal: Its wearer cannot be healed by potions.
   Regen:     It increases your rate of health regeneration.
Jewellery
 g - the ring of Xemiudau (left hand) {rElec rPois rF+ rCorr SInv}
   (You found it on level 6 of the Dungeon)

   [ring of see invisible]

   rF:        It protects you from fire.
   rElec:     It insulates you from electricity.
   rPois:     It protects you from poison.
   SInv:      It lets you see invisible.
   rCorr:     It protects you from acid and corrosion.
 B - a ring of willpower
 G - a ring of wizardry (right hand)
Wands
 a - a wand of paralysis (2)
 f - a wand of digging (4)
 r - a wand of roots (4)
 u - a wand of mindburst (24)
 v - a wand of acid (3)
Scrolls
 i - a scroll of fog
 l - 2 scrolls of fear
 q - 2 scrolls of enchant weapon
 y - a scroll of poison
 O - 4 scrolls of teleportation
Potions
 b - a potion of berserk rage
 j - 3 potions of enlightenment
 k - 2 potions of mutation
 m - 4 potions of brilliance
 s - a potion of haste
 F - 2 potions of might
 I - a potion of cancellation
 J - a potion of heal wounds
 L - a potion of attraction
 N - a potion of lignification
Miscellaneous
 h - a condenser vane


   Skills:
 * Level 9.4 Fighting
 - Level 6.5 Short Blades
 + Level 0.1 Throwing
 + Level 4.7 Armour
 * Level 9.4 Dodging
 * Level 8.3 Stealth
 + Level 0.1 Unarmed Combat
 * Level 8.9 Spellcasting
 * Level 8.9 Conjurations
 * Level 8.9 Hexes
 * Level 8.9 Summonings
 * Level 8.9 Necromancy
 * Level 8.9 Translocations
 * Level 8.9 Transmutations
 * Level 8.9 Fire Magic
 * Level 8.9 Ice Magic
 * Level 8.9 Air Magic
 * Level 8.9 Earth Magic
 * Level 10.6 Poison Magic
 + Level 6.9 Invocations
 * Level 7.5 Evocations


You knew the following spells:

 Your Spells              Type           Power      Damage    Failure   Level
a - Foxfire               Conj/Fire      100%       2x1d9     1%          1
b - Scorch                Fire           98%        2d9       1%          2
c - Volatile Blastmotes   Fire/Tloc      98%        2d18      1%          3
d - Inner Flame           Hex/Fire       49%        N/A       1%          3
e - Flame Wave            Conj/Fire      49%        2d12      1%          4
f - Apportation           Tloc           98%        N/A       1%          1
g - Searing Ray           Conj           98%        2d8       1%          2
h - Vampiric Draining     Necr           49%        2d9       1%          3
i - Gell's Gravitas       Tloc           49%        N/A       1%          3
j - Passage of Golubria   Tloc           49%        N/A       1%          4
k - Blade Hands           Tmut           24%        N/A       1%          5
Your spell library was empty.

Dungeon Overview and Level Annotations

Branches:
Dungeon (11/15)            Temple (1/1) D:5            Lair (5/5) D:9
 Shoals (0/4) Lair:3        Snake (0/4) Lair:2        Slime (0/5) Lair:5
    Orc: D:9-12

Altars:
Cheibriados
Elyvilon
Fedhas
Gozag
Hepliaklqana
Makhleb
Nemelex Xobeh
Okawaru
Qazlal
Ru
Uskayaw
Xom
Yredelemnul
Zin
The Shining One
Jiyva

Shops:
D:5 *   D:7 *

Annotations:
D:2 1 runed translucent door, Crazy Yiuf
D:8 1 runed translucent door, Maxmaps's ghost, novice DsRe
D:9 6 transporters
D:10 2 transporters, AwFulAwFulPlayer's ghost, journeyman DsCK
Lair:4 2 transporters


Innate Abilities, Weirdness & Mutations

You are immune to sickness and miasma.
You are immune to poison.
Your flesh is very heat resistant. (rF++)
You are vulnerable to cold. (rC-)
You float through the air rather than walking.
You learn spells naturally, not from books.
Your magical power is your life essence.
You have superior vitality. (+4 MHP)
You are partially covered in iridescent scales. (AC +2)


Message History

The killer bee is severely wounded. (Press . to intensify the flame waves.)
* * * LOW HITPOINT WARNING * * *
The killer bee barely misses you.
The meliai rages.
The killer bee closely misses you. The meliai hits you with a +0 hand axe!
* * * LOW HITPOINT WARNING * * *
The meliai stings you but does no damage.
The killer bee barely misses you. The meliai completely misses you.
The meliai stings you!
* * * LOW HITPOINT WARNING * * *
Okay, then.
Blink to where?
Press: ? - help, Dir - move target
As you read the scroll of blinking, it crumbles to dust.
The killer bee rages. x2
Okay, then.
As you read the scroll of fog, it dissolves into smoke.
The killer bee misses you.
Press: ? - help, v - describe, . - travel
Here: a meliai, wielding a +0 hand axe, wearing a +0 robe and carrying a wand of roots (3) (black smoke, berserk)
The floor.
Press: ? - help, v - describe, . - travel
Here: a killer bee (black smoke, severely wounded, berserk)
The floor.
Unknown command.
Okay, then.
Aiming: Fastroot
Press: ? - help, Shift-Dir - straight line
Okay, then.
Unknown command.
Nothing appears to happen.
The killer bee closely misses you. The meliai hits you with a +0 hand axe!
* * * LOW HITPOINT WARNING * * *
The meliai stings you but does no damage.
The meliai hits you with a +0 hand axe!
* * * LOW HITPOINT WARNING * * *
The meliai stings you but does no damage.
The killer bee misses you. The meliai barely misses you. The meliai stings you!
You die...

.#######.......##
##.#.......... .# #########
#............. P# °..°.#.##
##............ .#. .....#..##
#............ .#$/
#.#..#...##.#...........
©#©)○. !©.○#©...###..........#
.#/[.. #..#§§.P.##.........##
.#.☼○. #§§§...........##..
#§@§§..#..P........ .
#######yy§...........####
.########.§...§§§§§....P...###
# .......##.§..............P.#
#
........†y.§......P........##
#
.......y##.††...........P...#
##
.....#y.##.†.##.#...........#
#.
...††y########..............##
#. ......# ####............#
##


You could see a meliai (berserk) and a killer bee (berserk).

Vanquished Creatures
  The ghost of Rudyous the Nimble, a journeyman OpFE of Gozag (Lair:3)
  4 hydras
  2 boulder beetles
  Nergalle (D:10)
  2 skysharks
  A manticore (D:11)
  An oklob plant (Lair:3)
  7 elephants
  Joseph (D:10)
  5 black mambas
  2 gargoyles (D:10)
  2 rime drakes
  9 cane toads
  A kobold demonologist (D:9)
  5 komodo dragons
  A meliai (Lair:4)
  2 trolls (D:10)
  4 polar bears
  11 blink frogs
  2 wraiths (D:10)
  33 yaks
  A vampire (D:9)
  2 basilisks (D:9)
  Grum (D:10)
  3 wyverns
  2 steam dragons
  14 water moccasins
  2 orc warriors (D:8)
  An ice beast (D:6)
  3 black bears
  3 ogres
  22 wolves
  3 centaurs
  3 kobold brigands
  3 gnoll sergeants (D:10)
  11 bullfrogs
  A scorpion (D:6)
  3 wights (D:7)
  23 killer bees
  4 howler monkeys
  2 jellies
  2 hounds
  4 orc priests
  4 sleepcaps
  6 orc wizards
  Ijyb (D:4)
  5 iguanas
  12 gnolls
  5 adders
  A white imp (D:7)
  2 worms
  5 dart slugs
  25 orcs
  8 ball pythons
  4 endoplasms
  2 giant cockroaches
  7 hobgoblins
  10 kobolds
  4 quokkas
  5 bats
  2 frilled lizards
  9 goblins
  A rat (D:1)
328 creatures vanquished.

Vanquished Creatures (collateral kills)
  A foxfire (Lair:5)
1 creature vanquished.

Vanquished Creatures (others)
  435 foxfires
435 creatures vanquished.

Grand Total: 764 creatures vanquished

Notes
Turn   | Place    | Note
-------+----------+-------------------------------------------
     0 | D:1      | Reached skill level 3 in Poison Magic
     0 | D:1      | jlumianski the Djinni Fire Elementalist began the quest for
                  | the Orb.
     0 | D:1      | jlumianski set off with the following spells memorised:
                  | Foxfire, Scorch, Volatile Blastmotes, Inner Flame, Flame
                  | Wave.
     0 | D:1      | Reached XP level 1. HP: 15/15 MP: 0/0
   205 | D:1      | Reached XP level 2. HP: 21/21 MP: 0/0
   899 | D:2      | Reached XP level 3. HP: 24/25 MP: 0/0
   899 | D:2      | Learned a level 1 spell: Apportation
  1385 | D:2      | Found a runed translucent door.
  1386 | D:2      | Noticed Crazy Yiuf
  1418 | D:3      | Noticed an ogre
  1563 | D:3      | Reached XP level 4. HP: 27/31 MP: 0/0
  1589 | D:3      | Reached skill level 1 in Short Blades
  1647 | D:4      | Noticed a black bear
  1701 | D:3      | Gained mutation: You are partially covered in iridescent
                  | scales. (AC +2) [potion of mutation]
  2023 | D:3      | Reached XP level 5. HP: 33/35 MP: 0/0
  2023 | D:3      | Learned a level 2 spell: Searing Ray
  2084 | D:3      | Killed an ogre
  2274 | D:3      | Reached XP level 6. HP: 41/41 MP: 0/0
  2306 | D:5      | Entered Level 5 of the Dungeon
  2498 | D:4      | Killed a black bear
  2499 | D:4      | Reached skill level 4 in Poison Magic
  2602 | D:4      | Noticed Ijyb
  2612 | D:4      | Killed Ijyb
  2905 | D:4      | Found a shimmering altar of Xom.
  2923 | D:4      | Found a hazy altar of Hepliaklqana.
  2924 | D:4      | Noticed a spectral ugly thing
  3055 | D:5      | Found Gozag's Platinum Reserve.
  3056 | D:5      | Found an opulent altar of Gozag.
  3093 | D:6      | Noticed an ogre
  3247 | D:5      | Reached XP level 7. HP: 32/46 MP: 0/0
  3247 | D:5      | Learned a level 3 spell: Vampiric Draining
  3566 | D:5      | Reached skill level 1 in Armour
  3811 | D:5      | Found a staircase to the Ecumenical Temple.
  3876 | D:5      | Reached skill level 5 in Spellcasting
  3876 | D:5      | Reached skill level 5 in Conjurations
  3876 | D:5      | Reached skill level 5 in Hexes
  3876 | D:5      | Reached skill level 5 in Summonings
  3876 | D:5      | Reached skill level 5 in Necromancy
  3876 | D:5      | Reached skill level 5 in Translocations
  3876 | D:5      | Reached skill level 5 in Transmutations
  3876 | D:5      | Reached skill level 5 in Fire Magic
  3876 | D:5      | Reached skill level 5 in Ice Magic
  3876 | D:5      | Reached skill level 5 in Air Magic
  3876 | D:5      | Reached skill level 5 in Earth Magic
  3876 | D:5      | Reached skill level 5 in Poison Magic
  3909 | Temple   | Entered the Ecumenical Temple
  3930 | Temple   | Became a worshipper of Makhleb the Destroyer
  4345 | D:6      | Noticed a steam dragon
  4398 | D:6      | Reached XP level 8. HP: 46/51 MP: 0/0
  4432 | D:6      | Reached skill level 1 in Fighting
  4432 | D:6      | Reached skill level 1 in Invocations
  4498 | D:6      | Noticed a wyvern
  4551 | D:6      | Identified the ring of Xemiudau {rElec rPois rF+ rCorr
                  | SInv}
  4566 | D:7      | Found Wanos's General Store.
  4569 | D:7      | Bought a scroll of identify for 22 gold pieces
  4716 | D:6      | Found a blossoming altar of Fedhas.
  4720 | D:6      | Killed a wyvern
  5181 | D:7      | Reached XP level 9. HP: 41/59 MP: 0/0
  5181 | D:7      | Learned a level 3 spell: Gell's Gravitas
  5304 | D:7      | Identified the +3 flail of Otriputz {drain, rPois rN+
                  | Will+}
  5325 | D:7      | Found a sacrificial altar of Ru.
  5474 | D:7      | Found a white marble altar of Elyvilon.
  5567 | D:7      | Bought a ring of wizardry for 330 gold pieces
  6152 | D:7      | Reached * piety under Makhleb
  6242 | D:7      | Reached skill level 6 in Poison Magic
  6861 | D:9      | Found a transporter.
  6861 | D:9      | Found a transporter.
  7080 | D:8      | Reached XP level 10. HP: 55/69 MP: 0/0
  7085 | D:8      | Reached skill level 5 in Fighting
  7085 | D:8      | Reached skill level 5 in Short Blades
  7085 | D:8      | Reached skill level 5 in Invocations
  7240 | D:8      | Found a runed translucent door.
  7240 | D:8      | Noticed Maxmaps's ghost (novice DsRe)
  7711 | D:9      | Noticed a kobold demonologist
  7713 | D:9      | Noticed a two-headed ogre
  8049 | D:9      | Killed a kobold demonologist
  8243 | D:9      | Found a transporter.
  8267 | D:9      | Reached ** piety under Makhleb
  8449 | D:9      | Found a transporter.
  8477 | D:9      | Noticed an elephant
  8500 | D:9      | Killed an elephant
  8501 | D:9      | Reached skill level 1 in Evocations
  8636 | D:9      | Identified a scroll of acquirement
  8639 | D:9      | Acquired a manual of Poison Magic
  8684 | D:10     | Entered Level 10 of the Dungeon
  8830 | D:9      | Found a staircase to the Lair.
  8960 | D:9      | Found a transporter.
  8961 | D:9      | Found a transporter.
  9071 | D:10     | Reached skill level 5 in Dodging
  9247 | D:10     | Reached skill level 7 in Poison Magic
  9247 | D:10     | Reached XP level 11. HP: 65/76 MP: 0/0
  9247 | D:10     | Learned a level 4 spell: Passage of Golubria
  9319 | D:10     | Found an iron altar of Okawaru.
  9511 | D:11     | Noticed a manticore
  9515 | D:10     | Noticed Grum
  9533 | D:10     | Killed Grum
  9694 | D:10     | Reached skill level 5 in Stealth
  9827 | D:10     | Noticed Joseph
  9840 | D:10     | Killed Joseph
 10306 | D:10     | Noticed an ogre mage
 10310 | D:10     | Noticed AwFulAwFulPlayer's ghost (journeyman DsCK)
 10315 | D:10     | Found a transporter.
 10390 | D:10     | Found a stormy altar of Qazlal.
 10537 | D:10     | Found a transporter.
 10572 | D:10     | Noticed Nergalle
 11650 | D:11     | Noticed a manticore
 11989 | D:10     | Killed Nergalle
 12411 | D:11     | Killed a manticore
 12423 | D:11     | Noticed a brown ugly thing
 12639 | Lair:1   | Entered Level 1 of the Lair of Beasts
 12646 | Lair:1   | Noticed a boulder beetle
 12674 | D:9      | Killed a boulder beetle
 13032 | Lair:1   | Reached XP level 12. HP: 84/84 MP: 0/0
 13063 | Lair:1   | Reached skill level 8 in Poison Magic
 13230 | Lair:1   | Reached *** piety under Makhleb
 13555 | Lair:1   | Found a hide-covered altar of Uskayaw.
 13901 | Lair:1   | Reached skill level 5 in Evocations
 14297 | Lair:2   | Reached skill level 9 in Poison Magic
 14450 | Lair:2   | Reached **** piety under Makhleb
 14469 | Lair:2   | Found a staircase to the Snake Pit.
 14604 | Lair:3   | Noticed a skyshark
 14878 | Lair:2   | Killed a skyshark
 15159 | Lair:3   | Found a staircase to the Shoals.
 15231 | Lair:2   | HP: 3/86 [snapping turtle (8)]
 15506 | Lair:4   | Reached XP level 13. HP: 92/92 MP: 0/0
 15506 | Lair:4   | Learned a level 5 spell: Blade Hands
 15564 | Lair:3   | Noticed a seven-headed hydra
 15564 | Lair:3   | Found the +1 robe of Vines {NoPotionHeal Regen++++}
 15564 | Lair:3   | Noticed a four-headed hydra
 15583 | Lair:3   | Killed a seven-headed hydra
 15611 | Lair:3   | Killed a four-headed hydra
 16357 | Lair:3   | Found a runed translucent door.
 16357 | Lair:3   | Noticed Rudyous's ghost (journeyman OpFE)
 16800 | Lair:3   | Killed Rudyous's ghost
 16994 | Lair:4   | Found a transporter.
 17102 | Lair:4   | Noticed a four-headed hydra
 17160 | Lair:4   | Killed a four-headed hydra
 17161 | Lair:4   | Reached skill level 10 in Poison Magic
 17220 | Lair:5   | Entered Level 5 of the Lair of Beasts
 17222 | Lair:5   | Noticed a six-headed hydra
 17222 | Lair:5   | Noticed a seven-headed hydra
 17516 | Lair:4   | Killed a six-headed hydra
 17535 | Lair:5   | Found a viscous altar of Jiyva.
 17536 | Lair:5   | Found a staircase to the Slime Pits.
 17799 | Lair:4   | Found a transporter.
 17839 | Lair:4   | Reached XP level 14. HP: 101/101 MP: 0/0
 17915 | Lair:4   | HP: 1/101 [meliai/+0 hand axe (9)]
 17915 | Lair:4   | Mangled by a meliai

Illustrated notes

Levels and vault maps discovered:
D:1:      saegor_arrival_simple_c, layout_loops_ring
D:2:      layout_basic, uniq_crazy_yiuf_cottage
D:3:      layout_basic
D:4:      kennysheep_the_goblin_king, layout_rooms,
          regret_index_temple_of_mockery
D:5:      layout_cave_pods, nicolae_gozag_zags_fifth_avenue,
          minmay_temple_entry_large_hall, patterned_corridor
D:6:      minmay_evil_eye, layout_rooms, kiku_gazebo_pond_becter,
          mainiacjoe_overflow_concentric_impassable, minmay_crystal_room
D:7:      layout_gridville, elyvilon_altar_5, nicolae_ru_the_path_less_chosen,
          serial_shops, nicolae_shop_competitors_out_of_business
D:8:      layout_loops_ring, gammafunk_ghost_grave
D:9:      layout_loops_cross, david_lair_generic, serial_nicolae_subway,
          nicolae_sub_station_stone, nicolae_sub_station_crystal,
          nicolae_sub_station_metal
D:10:     layout_basic, nicolae_qazlal_scattered_showers, marbit_many_paths,
          gammafunk_ghost_arena, st_stairs_13, uniq_nergalle, uniq_joseph,
          uniq_grum
D:11:     minmay_the_grid_octo_tiled_octocenter [minmay_the_grid_octo_teeth,
          minmay_the_grid_octo_clover, minmay_the_grid_octo_thin_diamonds,
          minmay_the_grid_octo_tetromino_candy, minmay_the_grid_octo_prize_star,
          minmay_the_grid_square_5x5_comb, minmay_the_grid_square_5x5_plus,
          minmay_the_grid_square_5x5_fancy_junction,
          minmay_the_grid_square_5x5_v], layout_gridville,
          lightli_corner_chamber, uniq_maurice, uniq_erica
Temple:   nicolae_temple_god_jail
Lair:1:   layout_misc_corridors, basic_altar, grunt_megastairs_4
Lair:2:   layout_misc_corridors, dummy_snake_entry
Lair:3:   layout_loops_ring, minmay_shoals_entry_hut,
          hellmonk_ghost_happy_afterlife, enter_volcano_2,
          chequers_serial_rivers_large_a, chequers_serial_rivers_small_a,
          st_stairs_5, hellmonk_guarded_unrand_vines
Lair:4:   gammafunk_cloud_chamber, layout_cave_pods, special_room
          [special_room_bee], lemuel_fruit_fields
Lair:5:   minmay_lair_end_enchanted_forest, layout_gridlike, slime_entry_1,
          gauntlet_entry_generic, grunt_megastairs_3,
          infiniplex_staircase_pool_2, lemuel_fruit_tree

Skill      XL: |  1  2  3  4  5  6  7  8  9 10 11 12 13 |
---------------+----------------------------------------+-----
Spellcasting   | 4 5 6 7 8 |  8.9
Conjurations   | 4 5 6 7 8 |  8.9
Hexes          | 4 5 6 7 8 |  8.9
Summonings     | 4 5 6 7 8 |  8.9
Necromancy     | 4 5 6 7 8 |  8.9
Translocations | 4 5 6 7 8 |  8.9
Transmutations | 4 5 6 7 8 |  8.9
Fire Magic     | 4 5 6 7 8 |  8.9
Ice Magic      | 4 5 6 7 8 |  8.9
Air Magic      | 4 5 6 7 8 |  8.9
Earth Magic    | 4 5 6 7 8 |  8.9
Poison Magic   | 4 5 6 7 9 10 | 10.6
Stealth        | 2 3 4 5 6 8 |  8.3
Dodging        | 3 4 5 6 7 9 |  9.4
Short Blades   | 1 2 3 4 5 6 |  6.5
Armour         | 1 2 3 4 |  4.7
Fighting       | 2 4 5 6 8 9 |  9.4
Invocations    | 2 4 5 6 |  6.9
Evocations     | 2 4 5 7 |  7.5
Throwing       | |  0.1
Unarmed Combat | |  0.1

Action                     |  1- 3 |  4- 6 |  7- 9 | 10-12 | 13-15 || total
---------------------------+-------+-------+-------+-------+-------++-------
  Melee: Short sword       |    11 |    13 |       |       |       ||    24
         Dagger            |     3 |       |       |       |       ||     3
         Rapier            |       |     3 |    42 |   154 |    20 ||   219
         Punch             |       |       |     4 |     2 |       ||     6
         Unarmed           |       |       |       |       |     9 ||     9
  Throw: Dart              |       |       |       |     5 |       ||     5
   Cast: Foxfire           |    31 |    45 |    67 |    55 |    49 ||   247
         Scorch            |     1 |     9 |    26 |    56 |    22 ||   114
         Volatile Blastmot |     1 |     4 |    21 |    19 |    10 ||    55
         Apportation       |       |     3 |    14 |    16 |     9 ||    42
         Searing Ray       |       |     2 |     7 |    18 |     6 ||    33
         Inner Flame       |       |       |     4 |    10 |       ||    14
         Vampiric Draining |       |       |    10 |   170 |   121 ||   301
         Gell's Gravitas   |       |       |     4 |    12 |    30 ||    46
         Flame Wave        |       |       |       |    17 |     1 ||    18
         Passage of Golubr |       |       |       |    11 |     8 ||    19
         Blade Hands       |       |       |       |       |     1 ||     1
 Invoke: Minor Destruction |       |       |       |     1 |       ||     1
         Lesser Servant of |       |       |       |       |     2 ||     2
         Major Destruction |       |       |       |       |     1 ||     1
  Evoke: Wand              |       |       |       |     2 |       ||     2
         Condenser vane    |       |       |       |       |     1 ||     1
    Use: Scroll            |     1 |     5 |     8 |     6 |     5 ||    25
         Potion            |     1 |     4 |     1 |     2 |       ||     8
   Stab: Sleeping          |     1 |     1 |     3 |     4 |     1 ||    10
         Distracted        |       |       |       |       |     1 ||     1
 Armour: Robe              |     5 |    10 |       |       |    63 ||    78
         Leather armour    |       |     3 |    53 |    21 |       ||    77
         Ring mail         |       |       |       |   265 |    53 ||   318
  Dodge: Dodged            |    11 |    18 |    65 |   277 |   166 ||   537

Table legend: (Time is in decaauts)
 A = Elapsed time spent in this place.
 B = Non-inter-level travel time spent in this place.
 C = Inter-level travel time spent in this place.
 D = Time resting spent in this place.
 E = Time spent auto-exploring this place.
 F = Levels seen in this place.
 G = Mean time per level.
                   A        B        C        D        E       F      G
               +--------+--------+--------+--------+--------+-----+--------+
         Total |  17998 |  17619 |    379 |   5012 |   7080 |  17 | 1058.7 |
       Dungeon |  12958 |  12654 |    304 |   3690 |   5304 |  11 | 1178.0 |
        Temple |     40 |     40 |      0 |      0 |      0 |   1 |   40.0 |
          Lair |   4999 |   4924 |     75 |   1322 |   1776 |   5 |  999.8 |
               +--------+--------+--------+--------+--------+-----+--------+

Top non-repeatable levels by time:
    D:10: 3103 daAuts
     D:9: 1810 daAuts
     D:7: 1623 daAuts
  Lair:3: 1465 daAuts
  Lair:2: 1335 daAuts
     D:5: 1261 daAuts
     D:8: 1186 daAuts
  Lair:1: 1156 daAuts
     D:6: 830 daAuts
     D:2: 805 daAuts
  Lair:4: 789 daAuts
     D:3: 779 daAuts
     D:4: 737 daAuts
     D:1: 713 daAuts
  Lair:5: 252 daAuts
